Map: Ulrena

Players

Andrew - Winner!

  • Race: Zerg Zerg
  • League: Platinum

LilDicky

  • Race: Protoss Protoss
  • League: Diamond

VOD

http://www.twitch.tv/tumescentpie

Description

Time

  • Played on: Jan. 5, 2016, 12:32 a.m.
  • Length: 14:28
Show
View Real Time Build Order
Export as new Build Order

Andrew Zerg - Winner!

Build Orders: Pool First 

Get SALT Encoding   

  12  0:01  Drone  
  13  0:11  Drone, Extractor  
  13  0:17  Drone  
  14  0:23  Overlord  
  14  0:42  Drone x2  
  16  0:44  Drone  
  17  0:55  Drone  
  18  1:05  Drone  
  18  1:09  Spawning Pool  
  18  1:15  Pneumatized Carapace  
  18  1:17  Drone  
  19  1:28  Drone  
  20  1:38  Overlord  
  20  1:49  Overlord  
  20  1:56  Metabolic Boost  
  20  1:58  Queen  
  22  2:09  Spine Crawler  
  22  2:15  Drone x2  
  23  2:20  Evolution Chamber  
  23  2:21  Baneling Nest  
  22  2:22  Spine Crawler  
  22  2:27  Zergling x2  
  22  2:32  Zergling x2  
  23  2:45  Zergling x2  
  24  2:54  Zergling x2  
  24  3:01  Queen  
  23  3:07  Zergling x2  
  23  3:10  Zergling x6  
  27  3:18  Spawning Pool  
  26  3:28  Baneling x2  
  26  3:29  Baneling x2  
  26  4:07  Roach Warren  
  25  4:11  Spine Crawler  
  25  4:12  Drone x3  
  25  4:14  Zergling x6  
  28  4:35  Zergling x2  
  25  4:48  Roach  
  25  4:49  Roach x3  
  33  4:56  Overlord  
  33  5:08  Roach  
  35  5:17  Ravager x3  
  35  5:21  Zergling x2  
  39  5:44  Roach x3  
  45  5:50  Overlord  
  45  5:51  Overlord  
  45  6:07  Queen  
  43  6:22  Roach x3  
  44  6:40  Zergling x2  
  44  6:42  Queen  
  41  7:09  Roach, Zergling x4  
  45  7:19  Hatchery  
  44  7:28  Hatchery  
  43  7:31  Drone x2  
  43  7:32  Drone  
  46  7:37  Hatchery  
  45  7:46  Drone  
  45  7:48  Drone  
  47  8:04  Spore Crawler  
  46  8:06  Drone, Extractor  
  46  8:07  Drone x2  
  48  8:25  Drone x2  
  50  8:35  Drone x3  
  50  8:36  Drone  
  54  8:44  Drone x2  
  54  8:45  Drone  
  57  8:55  Evolution Chamber x2  
  55  9:02  Drone  
  56  9:03  Drone x8  
  56  9:07  Queen  
  66  9:10  Drone  
  66  9:13  Extractor  
  66  9:14  Extractor  
  65  9:31  Spore Crawler  
  64  9:32  Spore Crawler  
  64  9:33  Drone x3  
  64  9:35  Drone x3  
  64  9:36  Drone  
  64  9:37  Drone  
  71  9:40  Drone x2  
  71  9:44  Roach  
  75  10:02  Overlord x2  
  75  10:03  Overlord x3  
  75  10:12  Lair  
  75  10:23  Roach x6  
  75  10:26  Roach  
  89  10:34  Zerg Missile Weapons Level 1  
  89  10:35  Zerg Ground Armor Level 1  
  89  10:38  Ravager x4  
  89  10:39  Ravager  
  89  10:40  Ravager x2  
  96  10:47  Drone  
  96  10:48  Drone x4  
  101  11:03  Zergling x2  
  101  11:04  Roach x3, Zergling x6  
  107  11:05  Zergling x2  
  107  11:07  Overlord  
  110  11:31  Zergling x2  
  110  11:32  Roach x3, Zergling x6  
  103  12:05  Zergling x2  
  103  12:06  Roach x4, Zergling x8  
  103  12:07  Overlord x3, Roach, Zergling x2  
  103  12:08  Overlord x3  
  101  12:33  Roach, Zergling x4  
  101  12:34  Roach x3, Zergling x6  
  101  12:35  Roach  
  112  12:42  Zergling x2  
  112  12:43  Roach x3, Zergling x4  
  121  12:47  Extractor  
  121  12:48  Extractor  
  119  12:54  Ravager  
  119  12:55  Ravager x5  
  119  12:57  Zergling x2  
  119  12:58  Roach x3, Zergling x4  
  134  13:01  Overseer x3  
  134  13:15  Drone  
  134  13:16  Drone x2  
  136  13:30  Zergling x22  
  127  14:11  Zergling x2  
Show
View Real Time Build Order
Export as new Build Order

LilDicky Protoss 

Build Orders:  

Get SALT Encoding   

  12  0:02  Probe (Chrono Boost)  
  13  0:12  Probe (Chrono Boost)  
  14  0:23  Probe (Chrono Boost), Pylon  
  15  0:41  Probe (Chrono Boost)  
  15  0:42  Forge  
  16  0:52  Probe (Chrono Boost)  
  17  1:02  Probe (Chrono Boost)  
  18  1:20  Pylon  
  18  1:21  Pylon  
  18  1:23  Pylon  
  18  1:26  Probe (Chrono Boost)  
  19  1:40  Photon Cannon  
  19  1:47  Photon Cannon  
  19  1:49  Pylon  
  19  1:54  Probe (Chrono Boost)  
  20  2:02  Pylon  
  20  2:07  Probe (Chrono Boost)  
  21  2:23  Photon Cannon  
  21  2:24  Photon Cannon  
  21  2:28  Photon Cannon  
  21  2:37  Photon Cannon  
  21  2:39  Photon Cannon  
  21  2:41  Probe (Chrono Boost)  
  22  2:54  Pylon  
  22  3:01  Probe (Chrono Boost), Pylon  
  23  3:17  Photon Cannon  
  23  3:19  Probe (Chrono Boost)  
  24  3:21  Gateway  
  24  3:29  Probe (Chrono Boost)  
  25  3:44  Nexus  
  25  3:47  Assimilator  
  25  4:06  Pylon  
  25  4:11  Photon Cannon  
  25  4:12  Probe (Chrono Boost)  
  26  4:23  Probe (Chrono Boost)  
  14  4:38  Zealot  
  12  4:50  Pylon  
  12  5:01  Probe (Chrono Boost)  
  12  5:02  Probe (Chrono Boost)  
  14  5:32  Photon Cannon  
  14  5:34  Probe (Chrono Boost)  
  15  5:37  Probe (Chrono Boost)  
  16  5:55  Probe (Chrono Boost)  
  16  5:56  Probe (Chrono Boost)  
  16  6:22  Cybernetics Core  
  16  6:43  Gateway, Probe (Chrono Boost)  
  15  6:57  Probe (Chrono Boost)  
  16  7:02  Photon Cannon  
  16  7:03  Mothership Core (Chrono Boost)  
  17  7:11  Probe (Chrono Boost)  
  18  7:29  Warp Gate (Chrono Boost)  
  18  7:33  Stalker  
  20  7:41  Gateway  
  20  7:42  Probe (Chrono Boost)  
  20  7:43  Probe (Chrono Boost)  
  22  7:52  Probe (Chrono Boost)  
  22  7:53  Probe (Chrono Boost)  
  24  8:02  Probe (Chrono Boost)  
  24  8:03  Probe (Chrono Boost)  
  26  8:12  Probe  
  26  8:14  Probe  
  28  8:24  Gateway, Probe  
  28  8:26  Probe  
  30  8:45  Stalker x2  
  34  8:48  Probe  
  34  8:53  Probe  
  36  8:56  Pylon  
  36  8:59  Robotics Facility  
  36  9:01  Probe  
  37  9:03  Assimilator  
  37  9:19  Assimilator  
  37  9:21  Assimilator  
  37  9:34  Stalker x2  
  41  9:50  Immortal  
  45  9:54  Probe  
  45  9:55  Probe  
  47  10:05  Stalker x2  
  51  10:07  Gateway  
  51  10:08  Gateway  
  51  10:11  Probe  
  51  10:13  Probe  
  53  10:17  Stalker  
  55  10:25  Probe  
  56  10:29  Probe  
  56  10:32  Immortal (Chrono Boost)  
  61  10:41  Pylon  
  61  10:42  Pylon  
  61  11:00  Stalker x3  
  67  11:09  Warp Prism (Chrono Boost)  
  57  11:49  Sentry x2  
  53  11:56  Stalker  
  55  12:08  Mothership Core  
  55  12:10  Immortal (Chrono Boost)  
  55  12:15  Stargate  
  59  12:21  Stalker x3  
  61  12:23  Nexus  
  51  12:46  Pylon  
  49  12:54  Warp Prism (Chrono Boost)  
  49  12:55  Stalker x2  
  55  13:04  Void Ray  
  59  13:12  Probe x2  
  61  13:24  Probe  
  62  13:32  Stalker x2  
  29  14:10  Zealot x4  
Tags
 
Add a new tag
Caveats
  • Supply blocks, unpowered buildings, or Contaminate may cause inaccurate times.
  • Supply counts are checked every 10 seconds.